 Dungeon Crawl Stone Soup version 0.30-b1-2-g02819fbbbe (webtiles) character file.

Game seed: 7909425141008021654

15 Alarkh the Insei (level 2, -3/22 HPs)
             Began as a Demonspawn Warper on May 26, 2023.
             Slain by a goblin
             ... wielding a +2 dagger of venom
              (4 damage)
             ... on level 1 of the Dungeon.
             The game lasted 00:00:41 (627 turns).

Alarkh the Insei (Demonspawn Warper)                 Turns: 627, Time: 00:00:42

Health: -3/22      AC:  4    Str: 11    XL:     2   Next: 34%
Magic:  5/5        EV: 11    Int: 14    God:
Gold:   22         SH:  0    Dex: 12    Spells: 5/5 levels left

rFire   . .          .
                       - Unarmed
rCold   . . .        (no shield)
rNeg    . . .        a - +0 leather armour
rPois   .            (no helmet)
rElec   .            (no cloak)
rCorr   .            (no gloves)
SInv    .            g - +0 pair of boots
Will    .....        (no amulet)
Stlth   +            (no ring)
HPRegen 0.23/turn    (no ring)
MPRegen 0.09/turn

%: no passive effects
@: lethally poisoned (-3 -> -15), very slow
A: weakness stinger 1
a: no special abilities


You were on level 1 of the Dungeon.
You visited 1 branch of the dungeon, and saw 1 of its levels.

You collected 22 gold pieces.

Inventory:

Hand Weapons
 b - a +0 sling
Missiles
 c - 7 boomerangs of dispersal (quivered)
Armour
 a - a +0 leather armour (worn)
 g - a +0 pair of boots (worn)
Scrolls
 d - a scroll of acquirement {unknown}
 e - a scroll of blinking
 f - a scroll of enchant armour {unknown}
 h - a scroll of identify {unknown}


   Skills:
 - Level 2.0 Fighting
 - Level 0.8 Throwing
 - Level 0.8 Armour
 - Level 1.7 Dodging
 + Level 2.7 Unarmed Combat
 - Level 2.0 Spellcasting
 - Level 2.6 Translocations


You had 5 spell levels left.
You didn't know any spells.
Your spell library contained the following spells:

 Spells                   Type           Power      Damage    Failure   Level
 Blink                    Tloc           16%        N/A       16%         2
 Lesser Beckoning         Tloc           16%        N/A       16%         2
 Freeze                   Ice            4%         1d3       30%         1
 Teleport Other           Tloc           8%         N/A       30%         3
 Vhi's Electric Charge    Tloc/Air       10%        N/A       47%         3
 Frozen Ramparts          Ice            2%         1d1       67%         3
 Hailstorm                Conj/Ice       1%         3d3       67%         3
 Manifold Assault         Tloc           8%         N/A       71%         4


Dungeon Overview and Level Annotations

Branches:
Dungeon (1/15)

Altars:


Innate Abilities, Weirdness & Mutations

You have a small tail.


Message History

You are frozen.
You hit the endoplasm. You tail-slap the endoplasm.
You kill the endoplasm!
No target in view!
No target in view!
No target in view!
No target in view!
No target in view!
No target in view!
No target in view!
h - a scroll labelled YZAIHIQIWN A goblin comes into view.
It is wielding a +2 dagger of venom.
You enter the shallow water.
Moving in this stuff is going to be slow.
The goblin shouts!
The goblin hits you with a +2 dagger of venom.
You are poisoned.
The goblin barely misses you.
Your unstable footing causes you to fumble your attack.
You feel sick.
The goblin hits you with a +2 dagger of venom.
You are lethally poisoned!
Your unstable footing causes you to fumble your attack.
You feel very sick. The goblin hits you but does no damage.
You are more poisoned.
Your unstable footing causes you to fumble your attack.
You feel very sick. The goblin barely misses you.
You are too injured to fight recklessly!
You are too injured to fight recklessly!
You are too injured to fight recklessly!
You are too injured to fight recklessly!
You are too injured to fight recklessly!
* * * LOW HITPOINT WARNING * * *
You feel very sick.
You aren't carrying any potions.
The goblin attacks as you move away!
The goblin hits you with a +2 dagger of venom.
You die...

##### #####.#.#
#.#.####
########+#.##..
#..........##.# ###
#..........#...
♣♣.♣♣♣♣........^#..#
♣♣P..P..♣...♣.♣.....#
♣PP~P.P.♣♣.#♣.♣#>..##
♣♣~~@.♣..♣.#♣.♣###+##
♣.~g~..♣.♣.#♣.♣......
♣P.~.♣♣#...#♣.♣......
#♣♣♣.♣ ####♣.♣......
♣♣♣ ♣.♣......
♣.♣......
###♣.♣......
#.........♣♣
#.#######...


You could see a goblin.

Vanquished Creatures
  2 ball pythons (D:1)
  2 endoplasms (D:1)
  3 goblins (D:1)
  A hobgoblin (D:1)
  2 quokkas (D:1)
  2 frilled lizards (D:1)
  A rat (D:1)
13 creatures vanquished.

Vanquished Creatures (others)
  A plant (D:1)
1 creature vanquished.

Grand Total: 14 creatures vanquished

Notes
Turn   | Place    | Note
-------+----------+-------------------------------------------
     0 | D:1      | Alarkh the Demonspawn Warper began the quest for the Orb.
     0 | D:1      | Reached XP level 1. HP: 16/16 MP: 3/3
   201 | D:1      | Gained mutation: You have a small tail. [demonic ancestry]
   201 | D:1      | Reached XP level 2. HP: 22/22 MP: 5/5
   626 | D:1      | HP: 1/22 [poisoned by a goblin]
   627 | D:1      | Slain by a goblin

Illustrated notes

Levels and vault maps discovered:
D:1:      dpeg_arrival_orchard, layout_basic, serial_forest,
          infiniplex_forest_clump_curved, infiniplex_forest_straight_2,
          infiniplex_forest_straight_3, infiniplex_forest_end_3,
          infiniplex_forest_clump_double, infiniplex_forest_straight_3,
          infiniplex_forest_straight_5, infiniplex_forest_pool,
          due_unseen_surprise

Skill      XL: |  1 |
---------------+----+-----
Unarmed Combat | 2 |  2.7
Fighting       | |  2.0
Throwing       | |  0.8
Armour         | |  0.8
Dodging        | |  1.7
Spellcasting   | |  2.0
Translocations | |  2.6

Action                     || total
---------------------------++-------
  Melee: Unarmed           ||    48
         Tailslap          ||     5
   Fire: Sling             ||     8
 Armour: Leather armour    ||    11
  Dodge: Dodged            ||    30
